Map: Nightshade LE

Players

liquidthermy (uThermal) - Winner!

  • Race: Terran Terran
  • Spawn Location: 5:00

LiquidClem (Clem)

  • Race: Terran Terran
  • League: Grandmaster
  • Spawn Location: 11:00

VOD

https://www.youtube.com/watch?v=UBssHHorJFk

Description

Time

  • Played on: April 18, 2020, 12:56 p.m.
  • Length: 16:47
Show
View Real Time Build Order
Export as new Build Order

liquidthermy Terran - Winner!

Build Orders:  

Get SALT Encoding   

  12  0:01  SCV  
  13  0:13  SCV  
  14  0:17  Supply Depot  
  14  0:25  SCV  
  14  0:27  Refinery  
  15  0:38  SCV  
  16  0:44  Barracks  
  16  0:50  SCV  
  16  0:54  Refinery  
  17  1:02  SCV  
  18  1:14  SCV  
  19  1:31  Reaper, Orbital Command  
  20  1:34  Factory  
  20  1:42  Supply Depot  
  20  1:56  SCV  
  21  2:03  Reaper  
  22  2:08  SCV  
  23  2:18  Hellion  
  23  2:20  SCV  
  26  2:26  Command Center  
  26  2:33  SCV  
  26  2:35  Barracks Reactor  
  27  2:38  Supply Depot  
  27  2:39  Factory Tech Lab  
  27  2:45  SCV  
  28  2:53  Starport  
  28  2:57  SCV  
  29  3:05  Cyclone  
  32  3:13  Marine  
  32  3:14  Marine  
  32  3:18  SCV  
  35  3:32  Marine x2  
  37  3:37  SCV, Orbital Command  
  37  3:38  Refinery  
  36  3:49  SCV  
  36  3:50  Raven, Marine x2  
  36  3:51  Factory Tech Lab  
  41  4:01  SCV  
  42  4:03  SCV  
  42  4:09  Marine x2  
  45  4:10  Siege Tank  
  45  4:12  Supply Depot  
  45  4:13  SCV  
  45  4:15  SCV  
  50  4:25  SCV  
  50  4:27  SCV, Supply Depot, Marine  
  53  4:33  Raven  
  53  4:34  Marine  
  53  4:37  SCV  
  57  4:39  SCV  
  57  4:45  Marine  
  59  4:48  Siege Tank  
  59  4:49  SCV  
  59  4:51  SCV  
  63  4:53  Marine  
  63  4:56  Supply Depot  
  63  5:01  SCV  
  63  5:03  Command Center  
  63  5:05  Marine  
  65  5:11  SCV  
  65  5:13  Refinery  
  67  5:20  SCV, Siege Tank  
  70  5:21  Supply Depot  
  70  5:23  SCV  
  71  5:28  Viking  
  71  5:30  Viking  
  71  5:32  SCV  
  71  5:34  Stimpack, Marine  
  77  5:37  SCV  
  78  5:43  Supply Depot  
  78  5:44  SCV  
  78  5:49  SCV  
  80  5:52  Marine  
  80  5:53  Siege Tank  
  80  5:56  SCV  
  85  5:58  Engineering Bay  
  85  6:00  Engineering Bay  
  85  6:05  Viking x2  
  85  6:09  SCV x2, Marine  
  92  6:18  Orbital Command  
  92  6:25  Siege Tank  
  95  6:27  Marine  
  96  6:35  Viking, Liberator  
  96  6:39  SCV x2, Barracks x2  
  103  6:45  Orbital Command  
  103  6:47  Missile Turret  
  103  6:50  Missile Turret  
  103  6:51  SCV x2  
  105  6:57  Siege Tank  
  108  7:03  SCV  
  108  7:05  Supply Depot  
  108  7:07  Terran Infantry Weapons Level 1, Terran Infantry Armor Level 1  
  109  7:26  Viking x2, SCV x3  
  109  7:27  Barracks Reactor x2, Supply Depot  
  116  7:30  Marine  
  116  7:37  Refinery x2  
  117  7:43  Supply Depot  
  117  7:49  SCV x3, Siege Tank  
  123  7:56  Viking  
  120  8:01  SCV x3  
  95  8:06  Marine x2  
  95  8:08  Marine x2  
  95  8:11  Marine, Barracks x2  
  97  8:13  SCV x3  
  97  8:17  Medivac  
  102  8:20  Combat Shield  
  102  8:23  Siege Tank  
  102  8:25  SCV  
  102  8:26  Medivac  
  108  8:27  Armory, Marine  
  108  8:30  Marine x2  
  108  8:33  Marine  
  112  8:37  Marine  
  113  8:45  Marine  
  113  8:47  Medivac  
  113  8:48  Marine x2  
  116  8:50  Supply Depot, Marine  
  116  8:55  Marine  
  119  8:56  Medivac  
  119  9:02  Marine x2  
  122  9:06  Marine  
  122  9:09  Marine  
  117  9:11  Marine  
  117  9:12  Marine x2  
  116  9:17  Medivac  
  116  9:22  Marine  
  115  9:26  Medivac, Marine  
  115  9:29  Marine  
  110  9:33  Marine  
  110  9:34  Marine  
  110  9:36  Terran Infantry Armor Level 2, Terran Infantry Weapons Level 2  
  110  9:37  Terran Vehicle Weapons Level 1  
  111  9:39  Barracks Reactor, SCV  
  111  9:40  Barracks Reactor, Marine  
  111  9:42  SCV  
  111  9:43  Command Center  
  111  9:44  Marine  
  114  9:46  Marine, Siege Tank  
  114  9:47  Medivac  
  114  9:51  Marine  
  114  9:52  Marine  
  120  9:56  SCV, Medivac  
  120  9:58  Marine  
  125  10:02  Marine  
  125  10:04  Marine  
  121  10:09  Marine  
  121  10:10  Marine  
  121  10:13  Barracks Tech Lab  
  121  10:14  SCV  
  123  10:16  Marine  
  123  10:17  Medivac, Barracks x3  
  123  10:18  Marine  
  123  10:19  Marine x2  
  124  10:22  SCV, Marine  
  124  10:27  Command Center, Marine  
  124  10:28  Marine  
  128  10:30  Siege Tank  
  128  10:35  Concussive Shells, Marauder  
  133  10:37  Marine  
  133  10:38  Medivac  
  133  10:40  Supply Depot, Marine  
  137  10:46  Marauder  
  137  10:48  Medivac, Supply Depot  
  141  11:00  SCV x3  
  141  11:03  Siege Tank  
  147  11:06  Barracks Tech Lab x3  
  147  11:10  Marine  
  147  11:11  Marauder  
  150  11:21  Marauder, Marine x2  
  154  11:29  Planetary Fortress  
  154  11:31  Marine x2  
  154  11:32  Marauder x2  
  160  11:34  Marine x2  
  160  11:38  Siege Tank  
  164  11:40  Command Center  
  164  11:43  Orbital Command  
  164  11:44  Marine  
  164  11:45  Marauder, Marine  
  164  11:46  Marine  
  168  11:49  Medivac  
  168  11:52  Marine x2  
  168  11:53  Marine x2  
  176  11:59  Marauder  
  176  12:00  Marauder  
  180  12:01  Marine  
  180  12:03  Supply Depot  
  180  12:06  Terran Infantry Weapons Level 3  
  181  12:10  Terran Infantry Armor Level 3  
  181  12:12  Marine x2  
  181  12:13  Marauder, Marine  
  184  12:18  Marauder  
  186  12:25  Marauder  
  186  12:29  Viking  
  190  12:30  Viking  
  190  12:31  Starport x2  
  190  12:34  Siege Tank  
  195  12:51  Marine x2  
  195  12:52  Marauder  
  195  12:54  Marine  
  200  13:04  Marine  
  200  13:05  Marauder  
  200  13:07  Viking x2, Orbital Command  
  200  13:10  Viking  
  200  13:11  Fusion Core  
  200  13:12  Viking  
  196  13:15  Marine  
  196  13:16  Marauder  
  196  13:19  Terran Ship Weapons Level 1  
  197  13:20  Starport  
  197  13:22  Armory, SCV  
  197  13:23  SCV, Starport  
  197  13:24  SCV  
  197  13:26  Missile Turret  
  200  13:27  Missile Turret  
  200  13:38  Viking  
  194  13:51  Viking x3  
  194  13:55  Command Center, Refinery  
  200  14:11  Advanced Ballistics  
  200  14:24  Viking x3  
  199  14:35  Marine  
  200  14:39  Command Center  
  200  14:40  Command Center  
  200  14:41  Command Center  
  191  14:54  Viking x2, Liberator  
  191  14:56  Neosteel Armor  
  194  15:01  Liberator x2  
  194  15:04  SCV  
  199  15:12  Orbital Command, Liberator  
  197  15:14  Marine  
  197  15:15  Marauder  
  200  15:28  Viking  
  198  15:35  Viking  
  196  15:37  Viking  
  198  15:44  Viking x2  
  198  15:46  Marine  
  198  15:47  Marauder  
  186  15:52  Marine x2  
  186  15:53  Marauder x2  
  186  15:54  Marine  
  186  15:55  Viking, Marauder x2, Marine x2  
  191  15:58  Liberator  
  194  16:04  Marine  
  194  16:07  Viking  
  200  16:16  Orbital Command  
  200  16:17  Orbital Command  
Show
View Real Time Build Order
Export as new Build Order

LiquidClem Terran 

Build Orders: Mech 

Get SALT Encoding   

  12  0:00  SCV  
  13  0:13  SCV  
  14  0:17  Supply Depot  
  14  0:25  SCV  
  15  0:29  Refinery  
  15  0:38  SCV  
  16  0:44  Barracks  
  16  0:50  SCV  
  16  0:55  Refinery  
  17  1:02  SCV  
  18  1:15  SCV  
  19  1:30  Orbital Command  
  19  1:31  Reaper  
  20  1:35  Factory  
  20  1:49  Supply Depot  
  20  1:56  SCV  
  21  2:03  Reaper  
  22  2:08  SCV  
  23  2:19  Hellion  
  25  2:25  Command Center  
  25  2:28  SCV  
  26  2:38  Barracks Reactor  
  26  2:40  SCV, Widow Mine  
  26  2:43  Supply Depot  
  29  2:53  Starport  
  29  2:54  SCV  
  30  3:05  Factory Tech Lab  
  28  3:06  SCV  
  29  3:15  Marine x2  
  29  3:18  SCV  
  31  3:30  SCV, Cyclone  
  35  3:35  Marine  
  35  3:36  Marine  
  35  3:39  Starport Tech Lab  
  37  3:42  SCV  
  38  3:55  SCV  
  39  3:59  Refinery  
  39  4:07  Raven, Marine x2  
  39  4:08  SCV  
  44  4:11  Orbital Command  
  44  4:17  Siege Tank  
  44  4:20  SCV  
  44  4:23  Supply Depot  
  48  4:31  Marine x2  
  50  4:32  SCV  
  50  4:36  SCV  
  52  4:44  SCV  
  52  4:48  SCV  
  52  4:52  Raven  
  53  4:56  SCV  
  53  4:57  Siege Tank  
  59  5:00  SCV, Supply Depot  
  59  5:03  Marine x2  
  62  5:11  Supply Depot  
  62  5:22  SCV x2  
  62  5:23  Supply Depot  
  64  5:29  Command Center  
  64  5:34  SCV x2, Refinery  
  66  5:37  Raven  
  66  5:39  Siege Tank  
  71  5:43  Marine  
  71  5:44  Marine  
  71  5:46  SCV, Supply Depot  
  71  5:47  SCV  
  75  5:58  SCV  
  75  5:59  SCV  
  77  6:08  Supply Depot  
  77  6:10  SCV  
  78  6:12  SCV, Siege Tank  
  82  6:22  SCV  
  82  6:24  SCV  
  84  6:27  Supply Depot  
  84  6:29  Viking  
  84  6:30  Viking, Factory  
  84  6:31  Factory  
  88  6:34  SCV  
  88  6:36  SCV  
  90  6:43  Refinery  
  90  6:44  Refinery  
  90  6:45  Siege Tank  
  90  6:46  SCV  
  94  6:48  SCV  
  94  6:51  Supply Depot  
  95  6:59  SCV  
  95  7:00  SCV  
  97  7:05  Engineering Bay  
  97  7:09  Viking  
  97  7:11  Viking, SCV  
  97  7:14  Orbital Command  
  102  7:16  SCV  
  102  7:17  Siege Tank  
  106  7:24  SCV  
  106  7:28  SCV  
  108  7:32  Factory Reactor  
  108  7:35  Supply Depot  
  108  7:36  SCV  
  109  7:37  Siege Tank  
  109  7:39  SCV, Supply Depot  
  109  7:40  SCV  
  109  7:43  Viking  
  114  7:45  Viking  
  114  7:48  SCV  
  114  7:49  Siege Tank  
  119  7:52  SCV  
  119  7:55  SCV  
  118  8:03  SCV  
  112  8:09  SCV  
  112  8:12  Hellion x2  
  117  8:13  Viking, Supply Depot, Command Center  
  117  8:14  Siege Tank  
  117  8:18  Barracks Tech Lab  
  122  8:23  Viking  
  122  8:25  Infernal Pre-Igniter  
  124  8:27  Factory  
  124  8:30  Siege Tank  
  124  8:31  Factory  
  127  8:35  Supply Depot  
  127  8:37  Hellion x2  
  127  8:40  SCV x2  
  127  8:41  SCV  
  134  8:51  Barracks Reactor, Factory  
  134  8:55  Viking  
  130  8:59  SCV, Factory  
  130  9:01  SCV  
  128  9:07  SCV, Hellion  
  128  9:09  Liberator  
  120  9:12  Hellion  
  122  9:22  Siege Tank  
  116  9:25  SCV  
  116  9:28  Siege Tank  
  116  9:30  Hellion  
  109  9:31  SCV  
  101  9:46  Siege Tank  
  101  9:48  SCV x2  
  101  9:49  SCV  
  101  9:50  Sensor Tower  
  107  9:53  Hellion  
  107  9:54  Siege Tank  
  107  9:55  Hellion  
  107  9:59  Factory Tech Lab  
  114  10:00  Factory Reactor, Siege Tank  
  114  10:04  Hellion  
  114  10:05  SCV  
  114  10:06  SCV  
  110  10:11  Planetary Fortress  
  110  10:13  Hellion  
  110  10:15  SCV  
  110  10:17  SCV  
  110  10:18  Hellion  
  110  10:20  Siege Tank  
  110  10:21  SCV  
  118  10:23  Hellion  
  118  10:25  Siege Tank  
  118  10:28  SCV  
  124  10:32  SCV, Siege Tank  
  128  10:41  Hellion x3  
  134  10:43  Missile Turret, Siege Tank  
  134  10:47  Viking  
  134  10:49  Viking  
  141  10:55  Refinery x2  
  141  10:58  Armory  
  141  11:01  Armory  
  141  11:02  SCV  
  142  11:04  SCV  
  143  11:11  Sensor Tower  
  143  11:13  Sensor Tower  
  143  11:15  Siege Tank  
  143  11:16  SCV x2  
  148  11:20  Viking  
  148  11:23  Viking  
  148  11:24  SCV  
  149  11:27  SCV  
  149  11:28  SCV  
  151  11:34  Hellion x4  
  159  11:40  Supply Depot  
  159  11:44  Siege Tank x2  
  165  11:48  Terran Vehicle And Ship Armor Level 1  
  165  11:52  Thor  
  169  12:02  Hellion x2  
  169  12:03  SCV, Hellion  
  169  12:05  Hellion  
  178  12:14  Supply Depot x2  
  178  12:15  Thor  
  178  12:21  Viking  
  186  12:22  Viking  
  186  12:27  Supply Depot, Thor  
  194  12:31  Missile Turret  
  194  12:32  Missile Turret x2  
  190  12:37  Missile Turret  
  186  12:46  Missile Turret  
  186  12:48  Command Center, Siege Tank  
  186  12:53  Viking, Siege Tank  
  186  12:56  Armory  
  189  13:01  SCV  
  189  13:04  Hellion x2  
  187  13:08  Viking  
  186  13:13  Thor  
  192  13:23  Viking  
  192  13:24  Siege Tank  
  192  13:25  Siege Tank  
  198  13:29  Command Center  
  196  13:42  Missile Turret x2  
  196  13:45  Terran Vehicle Weapons Level 1  
  196  13:46  Terran Vehicle And Ship Armor Level 2  
  196  13:48  Viking  
  196  13:54  Refinery  
  196  13:55  Missile Turret  
  196  14:06  Viking  
  196  14:09  Starport  
  198  14:10  Missile Turret, Starport  
  198  14:11  Missile Turret  
  198  14:15  Orbital Command  
  198  14:18  Hellion  
  198  14:22  Siege Tank  
  200  14:26  SCV x2  
  200  14:30  Viking  
  200  14:31  Siege Tank  
  200  14:41  Hellion x2  
  194  14:49  Hellion, Siege Tank  
  180  14:53  Hellion x2  
  180  14:54  Hellion, Siege Tank  
  180  14:57  SCV x2  
  187  15:03  Siege Tank  
  187  15:04  Viking x2  
  187  15:05  Viking  
  196  15:10  Hellion  
  195  15:16  Supply Depot  
  195  15:17  Supply Depot x2  
  193  15:30  Refinery, Command Center  
  193  15:34  Supply Depot  
  193  15:40  Hellion  
  192  15:43  Hellion  
  192  15:44  Liberator x2, Refinery x2, Siege Tank  
  192  15:48  Siege Tank x2  
  166  15:53  Viking  
  166  15:56  Viking  
  164  16:20  Hellion x2  
  164  16:23  SCV  
  164  16:25  SCV  
Tags
 
Composition
Mech
Matchup
TvT
Race
Terran
Spawn Locations
Cross Positions
Add a new tag
Caveats
  • Supply blocks, unpowered buildings, or Contaminate may cause inaccurate times.
  • Supply counts are checked every 10 seconds.